 Dungeon Crawl Stone Soup version 0.26-a0-113-gd8a95b691d (webtiles) character file.

Game seed: 114125918756307885

10 MrRokkomies the Vexing (level 2, 0/16 HPs)
             Began as a Kobold Arcane Marksman on June 26, 2020.
             Slain by a hobgoblin
             ... wielding a +0 club
              (4 damage)
             ... on level 1 of the Dungeon.
             The game lasted 00:00:59 (310 turns).

MrRokkomies the Vexing (Kobold Arcane Marksman)      Turns: 310, Time: 00:01:00

Health: 0/16       AC:  3    Str:  7    XL:     2   Next: 30%
Magic:  3/3        EV: 15    Int: 14    God:
Gold:   45         SH:  0    Dex: 15    Spells: 2/3 levels left

rFire    . . .     SeeInvis .   a - +0 hand crossbow
rCold    . . .     Faith    .   (shield restricted)
rNeg     . . .     Spirit   .   e - +0 robe
rPois    .         Reflect  .   (no helmet)
rElec    .         Harm     .   (no cloak)
rCorr    .                      (no gloves)
MR       .....                  c - +0 pair of boots
Stlth    +.........             (no amulet)
HPRegen  0.05/turn              (no ring)
MPRegen  0.08/turn              (no ring)

@: no status effects
A: small, carnivore
a: no special abilities


You were on level 1 of the Dungeon.
You were completely stuffed.

You visited 1 branch of the dungeon, and saw 1 of its levels.

You collected 45 gold pieces.

Inventory:

Hand Weapons
 a - a +0 hand crossbow (weapon)
 b - a +0 short sword
Missiles
 d - 32 bolts (quivered)
Armour
 c - a +0 pair of boots (worn)
 e - a +0 robe (worn)
Comestibles
 f - a ration
 g - a chunk of flesh


   Skills:
 * Level 1.6 Fighting
 * Level 2.8 Crossbows
 + Level 2.6 Dodging
 - Level 1.1 Spellcasting
 + Level 3.0 Hexes


You had 2 spell levels left.
You knew the following spells:

 Your Spells              Type           Power        Failure   Level  Hunger
a - Corona                Hex            #......      8%          1    ##.....

Your spell library contained the following spells:

 Spells                   Type           Power        Failure   Level  Hunger
 Slow                     Hex            #.......     11%         2    ###....
 Inner Flame              Hex/Fire       #.......     38%         3    ####...
 Portal Projectile        Hex/Tloc       #.....       38%         3    ####...
 Cause Fear               Hex            #.........   58%         4    #####..
 Leda's Liquefaction      Hex/Erth       #.........   80%         4    #####..


Dungeon Overview and Level Annotations

Branches:
Dungeon (1/15)

Altars:


Innate Abilities, Weirdness & Mutations

You are small and have problems with some larger weapons.
You are carnivorous and can eat meat at any time.


Message History

The hobgoblin closely misses you. The hobgoblin completely misses you.
You hit the hobgoblin but do no damage.
The hobgoblin is moderately wounded.
The hobgoblin closely misses you. The hobgoblin misses you.
You closely miss the hobgoblin.
The hobgoblin is moderately wounded.
The hobgoblin hits you with a +0 club! The hobgoblin misses you.
You are too injured to fight recklessly!
You are too injured to fight recklessly!
A bat comes into view.
a - a +0 hand crossbow (weapon)
The hobgoblin hits you with a +0 club.
* * * LOW HITPOINT WARNING * * *
Firing (i - inventory)
d - 33 bolts (quivered)
Press: ? - help, Shift-Dir - straight line, f - hobgoblin
Aim: a hobgoblin, wielding a +0 club You shoot a bolt.
The bolt barely misses the hobgoblin.
The bolt completely misses the hobgoblin.
The bat closely misses you. The hobgoblin hits you with a +0 club.
You die...

...........)........
...........รท......
#.....#..#.......
#.....+..........
#.....##.#..#....
...#####r?$..##.#..#....
.......g.....##....+....
.....#g##.....#.#.#....
.>.. #@##.....+...+....
###+#.#..b.##.....##..#....
#.......#####.....##..#....
#....########..........).##
#...............##...>...##
#...............##.......).
#...............#####+#####
#...............# ###
#...............# #.#..


You could see 2 hobgoblins, a bat and a rat.

Vanquished Creatures
  2 goblins (D:1)
  4 hobgoblins (D:1)
  2 bats (D:1)
8 creatures vanquished.

Notes
Turn   | Place    | Note
-------+----------+-------------------------------------------
     0 | D:1      | MrRokkomies the Kobold Arcane Marksman began the quest for
                  | the Orb.
     0 | D:1      | Reached XP level 1. HP: 12/12 MP: 2/2
    23 | D:1      | Reached XP level 2. HP: 10/16 MP: 3/3
   310 | D:1      | Slain by a hobgoblin

Illustrated notes

Levels and vault maps discovered:
D:1:      doesnt_arrival_eight_statues, layout_basic

Action                   || total
-------------------------++-------
Melee: Whip              ||     9
       Short sword       ||     6
 Fire: Hand crossbow     ||    15
  Eat: Chunk             ||     6
Armor: Robe              ||     7
Dodge: Dodged            ||    38

Table legend:
 A = Non-vault XP
 B = Vault XP
 C = Vault XP percentage of total XP
 D = Non-vault monster count
 E = Vault monster count
 F = Vault count percentage of total count
                 A         B        C        D         E       F
            +---------+---------+-------+---------+---------+-------
      Total |      15 |       0 |   0.0 |       8 |       0 |   0.0
            +---------+---------+-------+---------+---------+-------
        D:1 |      15 |       0 |   0.0 |       8 |       0 |   0.0
            +---------+---------+-------+---------+---------+-------
